 Dungeon Crawl Stone Soup version 0.25.1-2-g60ff931df9 (webtiles) character file.

Game seed: 53115032321553821

3467 hawla the Stinger (level 9, 0/61 (62) HPs)
             Began as a Red Draconian Venom Mage on Nov 13, 2020.
             Was a Follower of Vehumet.
             Slain by Harold
             ... wielding a cursed +0 trident
              (16 damage)
             ... on level 8 of the Dungeon on Nov 14, 2020.
             The game lasted 00:31:11 (10179 turns).

hawla the Stinger (Red Draconian Venom Mage)       Turns: 10179, Time: 00:31:11

HP:   0/61 (62)     AC:  9    Str: 11    XL:     9   Next: 78%
MP:   1/14          EV: 12    Int: 18    God:    Vehumet [*.....]
Gold: 425           SH:  0    Dex: 16    Spells: 4/15 levels left

rFire    + + +     SeeInvis .   g - +2 short sword (venom)
rCold    + . .     Gourm    .   (no shield)
rNeg     . . .     Faith    .   (armour unavailable)
rPois    .         Spirit   .   (helmet restricted)
rElec    .         Reflect  .   a - scarf {rC+ rF+}
rCorr    .         Harm     .   (no gloves)
MR       .....                  h - +1 pair of boots
Stlth    ++........             (no amulet)
HPRegen  0.20/turn              w - ring "Mitwuin" {+Fly Dex+4 Slay+4}
MPRegen  0.14/turn              y - ring of protection from fire

@: marked
A: breathe fire, unfitting armour, antennae 1, fire resistance 1, evolution 1,
cold-blooded, MP-powered wands, AC +7
a: Breathe Fire, Renounce Religion, Evoke Flight


You were on level 8 of the Dungeon.
You worshipped Vehumet.
Vehumet was aware of your devotion.
You were very hungry.

You visited 2 branches of the dungeon, and saw 9 of its levels.
You also visited: Sewer.

You collected 425 gold pieces.

Inventory:

Hand Weapons
 g - a +2 short sword of venom (weapon)
Missiles
 s - 7 curare-tipped darts (quivered)
Armour
 a - a scarf of resistance (worn)
 h - a +1 pair of boots (worn)
Jewellery
 v - an uncursed ring of protection from magic
 w - the ring "Mitwuin" (left hand) {+Fly Dex+4 Slay+4}
   (You found it on level 4 of the Dungeon)

   [ring of slaying]

   It affects your dexterity (+4).
   It affects your accuracy and damage with ranged weapons and melee attacks
   (+4).
   It lets you fly.
 y - a ring of protection from fire (right hand)
Wands
 l - a wand of paralysis (3)
 q - a wand of flame (7)
 r - a wand of digging (5)
 z - a wand of iceblast (11)
Scrolls
 d - a scroll of enchant armour
 m - 5 scrolls of remove curse
 o - 6 scrolls of teleportation
 p - 2 scrolls of identify
Potions
 c - 3 potions of heal wounds {unknown}
 e - 2 potions of brilliance
 f - 3 potions of might {unknown}
 i - 3 potions of lignification
 j - a potion of curing
 k - 6 potions of flight {unknown}
 n - 2 potions of berserk rage {unknown}
 t - a potion of ambrosia
 x - a potion of degeneration {unknown}
Comestibles
 b - 10 rations


   Skills:
 - Level 1.7 Dodging
 - Level 1.7 Stealth
 - Level 3.6 Spellcasting
 + Level 2.3 Conjurations
 + Level 6.8 Transmutations
 + Level 7.2 Fire Magic
 + Level 6.6 Air Magic
 + Level 7.5 Poison Magic


You had 4 spell levels left.
You knew the following spells:

 Your Spells              Type           Power        Failure   Level  Hunger
a - Sting                 Tmut/Pois      ####         1%          1    None
b - Poisonous Vapours     Pois/Air       ####..       1%          2    ##.....
c - Olgreb's Toxic Radia  Pois           ####....     7%          4    ####...
d - Ignite Poison         Fire/Tmut/Pois ####....     2%          3    ###....
e - Foxfire               Conj/Fire      ###.         2%          1    None

Your spell library contained the following spells:

 Spells                   Type           Power        Failure   Level  Hunger
 Shock                    Conj/Air       ###.         2%          1    None
 Mephitic Cloud           Conj/Pois/Air  ###.....     4%          3    ###....
 Swiftness                Chrm/Air       ###.....     6%          2    ##.....
 Static Discharge         Conj/Air       ###.....     7%          3    ###....
 Airstrike                Air            ####......   10%         4    ####...
 Lightning Bolt           Conj/Air       ###.......   54%         5    ######.


Dungeon Overview and Level Annotations

Branches:
Dungeon (8/15)             Temple (1/1) D:6           Sewer (visited)
   Lair: D:8-11

Altars:
Ashenzari
Dithmenos
Elyvilon
Fedhas
Gozag
Hepliaklqana
Kikubaaqudgha
Makhleb
Nemelex Xobeh
Okawaru
Qazlal
Ru
Sif Muna
Trog
Uskayaw
Vehumet
Wu Jian
Xom
Yredelemnul
Zin

Annotations:
D:8 Harold


Innate Abilities, Weirdness & Mutations

You can breathe blasts of fire.
Your fiery red scales are hard. (AC +7)
You cannot fit into any form of body armour.
Your flesh is heat resistant. (rF+)
You are cold-blooded and may be slowed by cold attacks.
You have a pair of small antennae on your head.
You evolve.
You expend magic power (3 MP) to strengthen your wands.


Message History

Harold casts a spell at you. A sentinel's mark forms upon you.
Items here: ( ) [ † a +0 shortbow; 18 arrows; a +0 robe; a centaur corpse You puncture Harold!
Harold looks as sick as possible!
Harold is moderately wounded.
Harold hits you with a cursed +0 trident.
Casting: Olgreb's Toxic Radiance (dangerous; 7% risk of failure)
Confirm with . or Enter, or press ? or * to list all spells.
Aiming: Sting (safe; 1% risk of failure)
Press: ? - help, Shift-Dir - straight line, f - Harold
Aim: Harold, wielding a +0 trident, wearing a +0 scale mail and quivering 5 throwing nets (moderately wounded, extremely poisoned)
The sting hits Harold but does no damage.
Harold looks as sick as possible!
Harold is moderately wounded.
A hound comes into view.
Harold hits you with a cursed +0 trident!
* * * LOW HITPOINT WARNING * * *
Harold hits you from afar with a cursed +0 trident!
You die...

####### ..###. #.....#
#...#.. ### #.....#
###..#...# ..# #.....#
#........# ..####.....#
#........#
...........######......#..
..###......#..........###.
..# #......#((((@)@....#†.
### #......#......####.h..
######.....#...†..# .
.....#.#####......#
.....#..####....###
.....##.........+
.....+..........#
.....##..###....# ##.##
#..# ######


You could see Harold (extremely poisoned) and a hound.

Vanquished Creatures
  Maggie (D:7)
  A hornet (D:7)
  Prince Ribbit (D:8)
  Sigmund (D:4)
  A wyvern (D:8)
  A hungry ghost (D:7)
  A water moccasin (D:8)
  An orc warrior (D:7)
  A phantom (D:4)
  2 ice beasts (D:5)
  A sky beast (D:5)
  A necrophage (D:7)
  3 ogres
  3 centaurs
  A bullfrog (D:8)
  A gnoll sergeant (D:5)
  2 scorpions
  3 howler monkeys (D:8)
  A crimson imp (D:5)
  5 hounds
  2 quasits
  A centaur skeleton (D:4)
  2 iguanas (D:7)
  5 orc wizards
  Natasha (thrice) (D:4)
  5 worker ants
  A hound skeleton (D:4)
  A worker ant zombie (D:5)
  7 gnolls
  4 adders
  2 shadow imps
  2 oozes
  4 worms
  6 leopard geckos
  10 orcs
  7 giant cockroaches
  3 hobgoblins
  11 jackals
  4 quokkas
  4 ball pythons
  13 bats
  7 frilled lizards
  11 goblins
  10 kobolds
  A leopard gecko skeleton (D:4)
  A quokka skeleton (D:6)
  A quokka zombie (D:6)
  7 rats
167 creatures vanquished.

Vanquished Creatures (others)
  5 foxfires (D:7)
5 creatures vanquished.

Grand Total: 172 creatures vanquished

Notes
Turn   | Place    | Note
-------+----------+-------------------------------------------
     0 | D:1      | hawla the Draconian Venom Mage began the quest for the Orb.
     0 | D:1      | Reached XP level 1. HP: 14/14 MP: 3/3
   215 | D:1      | Found a shattered altar of Ashenzari.
   474 | D:1      | Reached XP level 2. HP: 20/20 MP: 1/5
  1775 | D:2      | Reached XP level 3. HP: 25/26 MP: 3/7
  1783 | D:2      | Learned a level 2 spell: Poisonous Vapours
  2112 | D:2      | Found a shadowy altar of Dithmenos.
  2454 | D:3      | Found a glowing drain.
  2468 | Sewer    | Entered a sewer
  2769 | Sewer    | Reached skill level 1 in Air Magic
  2864 | Sewer    | Reached XP level 4. HP: 33/33 MP: 2/8
  3172 | Sewer    | Learned a level 4 spell: Olgreb's Toxic Radiance
  4185 | D:3      | Found an iron altar of Okawaru.
  4608 | D:4      | Noticed a phantom
  4613 | D:4      | Got a heavily runed bronze ring
  4672 | D:4      | Identified the ring "Mitwuin" {+Fly Dex+4 Slay+4} (You
                  | found it on level 4 of the Dungeon)
  4678 | D:4      | Gained mutation: You have a pair of small antennae on your
                  | head. [potion of mutation]
  4678 | D:4      | Gained mutation: You evolve. [potion of mutation]
  4708 | D:4      | Gained mutation: You expend magic power (3 MP) to
                  | strengthen your wands. [evolution]
  4812 | D:4      | Noticed Sigmund
  4822 | D:4      | Killed Sigmund
  4822 | D:4      | Reached XP level 5. HP: 38/38 MP: 1/10
  4822 | D:4      | Reached XP level 6. HP: 45/45 MP: 1/11
  4834 | D:4      | Learned a level 3 spell: Ignite Poison
  4915 | D:4      | Found a bloodstained altar of Trog.
  4996 | D:4      | Noticed Natasha
  5011 | D:4      | Killed Natasha
  5023 | D:4      | Noticed Natasha
  5032 | D:4      | Killed Natasha
  5032 | D:4      | Reached skill level 1 in Fire Magic
  5137 | D:4      | Noticed Natasha
  5139 | D:4      | Killed Natasha
  5266 | D:4      | Found a hazy altar of Hepliaklqana.
  5338 | D:4      | Your scales start taking on a fiery red colour.
  5338 | D:4      | Reached XP level 7. HP: 21/50 MP: 3/12
  5338 | D:4      | Gained mutation: Your flesh is heat resistant. (rF+) [Red
                  | Draconian growth]
  5909 | D:5      | Entered Level 5 of the Dungeon
  5915 | D:5      | Reached skill level 5 in Poison Magic
  6310 | D:5      | Reached XP level 8. HP: 57/57 MP: 6/13
  7501 | D:6      | Found a staircase to the Ecumenical Temple.
  7538 | Temple   | Entered the Ecumenical Temple
  7835 | D:6      | Found a radiant altar of Vehumet.
  7840 | D:6      | Became a worshipper of Vehumet
  7968 | D:6      | Reached skill level 5 in Transmutations
  8309 | D:7      | Noticed Maggie
  8331 | D:7      | Killed Maggie
  8331 | D:7      | Reached skill level 5 in Fire Magic
  8331 | D:7      | Reached skill level 5 in Air Magic
  8488 | D:7      | Noticed a hornet
  8491 | D:7      | Killed a hornet
  8491 | D:7      | Reached XP level 9. HP: 62/62 MP: 2/14
  9152 | D:7      | Reached * piety under Vehumet
  9152 | D:7      | Offered knowledge of Foxfire by Vehumet.
  9162 | D:7      | Learned a level 1 spell: Foxfire
  9874 | D:8      | Reached skill level 1 in Conjurations
 10084 | D:8      | Noticed Prince Ribbit
 10092 | D:8      | Killed Prince Ribbit
 10170 | D:8      | Noticed Harold
 10179 | D:8      | Slain by Harold

Illustrated notes

Levels and vault maps discovered:
D:1:      lightli_arrival_lavapool, layout_basic, serial_forest,
          infiniplex_forest_split, infiniplex_forest_clump_double,
          infiniplex_forest_end_double, infiniplex_forest_corner_1,
          infiniplex_forest_lined_3, infiniplex_forest_clump_curved,
          ashenzari_altar_1
D:2:      layout_loops_ring, nicolae_dithmenos_through_a_glass_darkly,
          first_ration, minmay_goblin_outpost
D:3:      layout_loops_corners, kennysheep_okawaru_gauntlet,
          cheibrodos_sewer_entry_sluice, minivault_5
D:4:      layout_rooms, lemuel_coloured_pillars_altar, trog_book, uniq_sigmund,
          uniq_natasha
D:5:      layout_basic, grunt_ministairs_13
D:6:      layout_loops_ring, vehumet_crystals, minmay_temple_entry_ruins
D:7:      layout_loops_corners, uniq_maggie
D:8:      layout_basic, cheibriados_altar_1, serial_shops, shop_fountains,
          grunt_livestock, minmay_strange_pillars, uniq_prince_ribbit1,
          uniq_harold
Temple:   regret_index_temple_sphere_string

Skill      XL: |  1  2  3  4  5  6  7  8  9 |
---------------+----------------------------+-----
Spellcasting   | 3 |  3.6
Air Magic      | 1 2 3 4 5 6 |  6.6
Transmutations | 3 4 5 6 |  6.8
Poison Magic   | 4 5 6 7 |  7.5
Fire Magic     | 2 3 5 7 |  7.2
Conjurations   | 2 |  2.3
Dodging        | |  1.7
Stealth        | |  1.7

Action                   |  1- 3 |  4- 6 |  7- 9 || total
-------------------------+-------+-------+-------++-------
Melee: Tailslap          |     4 |     5 |     5 ||    14
       Unarmed           |     1 |       |       ||     1
       Short sword       |    18 |    31 |    62 ||   111
Throw: Boomerang         |       |       |    13 ||    13
       Dart              |       |       |     1 ||     1
 Cast: Sting             |    76 |    22 |    53 ||   151
       Poisonous Vapours |    13 |    42 |    51 ||   106
       Olgreb's Toxic Ra |       |     2 |    18 ||    20
       Ignite Poison     |       |       |    12 ||    12
       Foxfire           |       |       |     3 ||     3
 Abil: Breathe Fire      |       |       |     2 ||     2
  Use: Scroll            |     3 |     8 |     2 ||    13
       Potion            |       |     1 |     1 ||     2
  Eat: Chunk             |     7 |     7 |    20 ||    34
       Ration            |       |     1 |     1 ||     2
Armor: Skin              |    19 |    16 |    66 ||   101
Dodge: Dodged            |    36 |    28 |   105 ||   169
